Cogmind - Beta 13 @@@ ROGUE MODE // 2024.06.25 @ 19:25:12 Player: Wabbajack Result: Destroyed by G-34 Mercenary with Small Laser Performance ------------- Evolutions (1) 500 Regions Visited (2) 400 Robots Destroyed (25) 125 Value Destroyed (624) 624 Prototype IDs (2) 40 Alien Tech Used (0) 0 Bonus (0) 0 TOTAL SCORE: 1689 Bonus ------- None Cogmind --------- Core Integrity 0/400 Matter 162/300 Energy 100/100 System Corruption 0% Temperature Cool (12) Movement Core (350) Ox6 Location -9/Materials Parts ------- > --- POWER (1) -------- (None) > --- PROPULSION (3) --- (None) > --- UTILITY (3) ------ Large Storage Unit Signal Interpreter > --- WEAPON (2) ------- (None) > --- INVENTORY (15) --- Ion Engine Improved Heat Sink Cooling System Improved Terrain Scanner Peak State ------------ > --- POWER ------------ Light Nuclear Core > --- PROPULSION ------- Aluminum Leg Aluminum Leg Aluminum Leg > --- UTILITY ---------- Large Storage Unit Signal Interpreter Seismic Detector > --- WEAPON ----------- Assault Rifle Mini Grenade Launcher > --- INVENTORY -------- Ion Engine Ion Engine Improved Heat Sink Cooling System Improved Terrain Scanner Light Assault Rifle [Rating: 13] Favorites ----------- Power Ion Engine Engine Ion Engine Power Core Light Nuclear Core Propulsion Aluminum Leg Leg Aluminum Leg Utility Signal Interpreter Device Seismic Detector Storage Large Storage Unit Processor Signal Interpreter Weapon Assault Rifle Energy Gun Medium Laser Ballistic Gun Assault Rifle Ballistic Cannon Light Cannon Launcher Mini Grenade Launcher Build | -11 -10 -9 ------- Run | Yrd Mat Mat Slots Evolved 2 | . . 2 Power . | . . . Propulsion 1 | . . 1 Utility 1 | . . 1 Weapon . | . . . Parts Attached 27 | 7 3 17 Power 4 | 1 1 2 Engine 3 | 1 1 1 Core 1 | . . 1 Reactor . | . . . Propulsion 6 | 2 . 4 Treads . | . . . Leg 6 | 2 . 4 Wheel . | . . . Hover . | . . . Flight . | . . . Utility 7 | 2 2 3 Device 2 | 1 . 1 Storage 4 | 1 1 2 Processor 1 | . 1 . Hackware . | . . . Protection . | . . . Artifact . | . . . Weapon 10 | 2 . 8 Energy Gun 1 | 1 . . Energy Cannon . | . . . Ballistic Gun 6 | 1 . 5 Ballistic Cannon 1 | . . 1 Launcher 2 | . . 2 Special Weapon . | . . . Impact Weapon . | . . . Slashing Weapon . | . . . Piercing Weapon . | . . . Special Melee Weapon . | . . . Unidentified Prototypes . | . . . Parts Lost 16 | . . 16 Power 2 | . . 2 Propulsion 6 | . . 6 Utility 2 | . . 2 Weapon 6 | . . 6 Highest Loss Streak 6 | . . 6 To Critical Strikes . | . . . Average Slot Usage (%) 87 | . 100 77 Engine 9 | . 14 5 Core 1 | . . 2 Leg 23 | . 28 19 Device 3 | . 1 4 Storage 13 | . 14 12 Processor 11 | . 12 11 Energy Gun 7 | . 14 2 Ballistic Gun 12 | . 14 12 Launcher 2 | . . 4 Naked Turns . | . . . Heaviest Build 31 | 13 19 31 Greatest Support 30 | 20 20 30 Greatest Overweight (x) 10 | 2 . 10 Average Overweight (x) . | . . 1 Largest Inventory Capacity 15 | 8 10 15 Average Capacity 11 | 7 8 14 Most Carried 9 | 2 9 9 Average Carried 5 | 1 5 6 Final Capacity 15 | 8 10 15 Final Carried 8 | 2 8 4 Class Distribution -------------------- 100% | Mutant Dominant Class ---------------- Mutant | -10/Materials Mutant | -9/Materials Resources | -11 -10 -9 ----------- Run | Yrd Mat Mat Matter Collected 602 | 294 49 259 Remotely . | . . . Salvage Created 795 | 132 260 403 Parts 46 | 11 11 24 Haulers Intercepted . | . . . Recyclers Shooed 2 | . 2 . Parts Field Recycled . | . . . Retrieved Matter . | . . . Parts Self-Destructed . | . . . Prevented . | . . . Kills | -11 -10 -9 ------- Run | Yrd Mat Mat Combat Hostiles Destroyed 16 | . 4 12 Guns 14 | . 4 10 AOE 2 | . . 2 Classes Destroyed 8 | 2 2 4 Worker 1 | . 1 . Builder 1 | . . 1 Tunneler 3 | 3 . . Recycler 2 | 1 1 . Watcher 2 | . . 2 Swarmer 3 | . . 3 Grunt 11 | . 4 7 Sentry 2 | . . 2 Best Kill Streak 5 | 4 5 5 Combat Bots Only 5 | . 3 5 Max Kills in Single Turn 2 | 1 1 2 Gunslinging . | . . . Exploded 1 | . . 1 Melee . | . . . Uniques/NPCs Destroyed . | . . . Combat | -11 -10 -9 -------- Run | Yrd Mat Mat Hostile Shots Fired 179 | . 32 147 Missed 57 | . 15 42 Damage Taken 1790 | . 228 1562 Core 436 | . 29 407 Absorbed by Shields . | . . . Core Remaining (%) 94 | 100 88 . Volleys Fired 86 | 8 21 57 Largest 2 | 2 2 2 Hottest 70 | 70 70 70 Shots Fired 159 | 16 41 102 Gun 144 | 16 41 87 Cannon 4 | . . 4 Launcher 11 | . . 11 Special . | . . . Kinetic 104 | 8 21 75 Thermal 44 | 8 20 16 Explosive 11 | . . 11 Electromagnetic . | . . . Robot Hit Streak 7 | 2 7 6 Robot Miss Streak 6 | 2 3 6 Penetration Max . | . . . Secondary Targets 2 | . . 2 Max Gunslinging Chain 1 | . . 1 Shots Hit Robots 95 | 8 25 62 Core Hits 50 | 5 14 31 Critical Kills . | . . . Critical Parts Destroyed . | . . . Critical Strikes 3 | . 1 2 Burn 3 | . 1 2 Melee Attacks . | . . . Impact . | . . . Slashing . | . . . Piercing . | . . . Sneak Attacks . | . . . Combat Hostiles . | . . . Follow-up Attacks . | . . . Damage Inflicted 1669 | 114 317 1238 Guns 1058 | 114 316 628 Cannons 31 | . . 31 Explosions 574 | . . 574 Melee . | . . . Ramming 6 | . 1 5 Kinetic 766 | 89 141 536 Thermal 323 | 25 175 123 Explosive 574 | . . 574 Electromagnetic . | . . . Impact . | . . . Slashing . | . . . Piercing . | . . . Highest Corruption . | . . . Average Corruption . | . . . Corruption Purged . | . . . Corruption Blocked . | . . . Overload Shots . | . . . Overflow Damage 1 | . . 1 Projectiles . | . . . Explosions 1 | . . 1 Melee . | . . . Knockbacks 2 | . . 2 Impact 1 | . . 1 Kinetic 1 | . . 1 Secondary . | . . . Self-Inflicted Damage 79 | . . 79 Shots 3 | . . 3 Rammed 1 | . . 1 Targets Rammed 4 | . 1 3 Kicked 3 | . 1 2 Crushed . | . . . Highest Temperature 139 | 36 139 87 Average Temperature 37 | 14 55 28 Received Heat Transfer 612 | . 144 468 Siege Activations . | . . . Robots Corrupted . | . . . Combat Hostiles . | . . . Parts Fried . | . . . Impact Corruptions . | . . . Robots Melted . | . . . Combat Hostiles . | . . . Parts Melted 2 | . . 2 Heat Transferred 1184 | 74 592 518 Parts Sabotaged . | . . . Parts Stolen . | . . . Parts Stripped . | . . . Power Chain Reactions . | . . . Alert | -11 -10 -9 ------- Run | Yrd Mat Mat Peak Influence 283 | 20 178 283 Initial 74 | . 13 74 Average 121 | 7 83 173 Maximum Alert Level 1 | . . 1 Low Security (%) 73 | 100 100 46 Level 1 26 | . . 53 Level 2 . | . . . Level 3 . | . . . Level 4 . | . . . Level 5 . | . . . High Security . | . . . Max Security . | . . . Squads Dispatched 4 | . 2 2 Investigation 2 | . 1 1 Extermination . | . . . Reinforcement 2 | . 1 1 Assault . | . . . Garrison . | . . . Intercept . | . . . Searches Triggered . | . . . Construction Impeded 1 | . . 1 Haulers Reinforced . | . . . Active Scanning Responses . | . . . Cargo Convoy Interrupts . | . . . Stealth | -11 -10 -9 --------- Run | Yrd Mat Mat Distress Signals 4 | . . 4 Communications Jammed . | . . . Distress Signals . | . . . Times Spotted 34 | . 13 21 Peak Tracking Total 7 | . 3 7 Tactical Retreats 2 | . 1 1 Traps | -11 -10 -9 ------- Run | Yrd Mat Mat Traps Triggered 1 | . 1 . Indirectly . | . . . Trap Hack Attempts . | . . . Triggered . | . . . Disarmed . | . . . Reprogrammed . | . . . Reused . | . . . Traps Extracted . | . . . Installed . | . . . Triggered . | . . . Machines | -11 -10 -9 ---------- Run | Yrd Mat Mat Machines Disabled 2 | . . 2 Max in Single Turn 1 | . . 1 Machines Repaired . | . . . Machines Dismantled . | . . . Machines Sabotaged . | . . . Overloaded Fab Kills . | . . . Hacking | -11 -10 -9 --------- Run | Yrd Mat Mat Machines Accessed 3 | . 2 1 Terminals 3 | . 2 1 Fabricators . | . . . Repair Stations . | . . . Recycling Units . | . . . Scanalyzers . | . . . Garrison Access . | . . . Total Hacks 12 | . 6 6 Successful 2 | . . 2 Failed 10 | . 6 4 Catastrophic . | . . . Database Lockouts . | . . . Manual 4 | . 2 2 Terminals 12 | . 6 6 Fabricators . | . . . Repair Stations . | . . . Recycling Units . | . . . Scanalyzers . | . . . Garrison Access . | . . . Terminal Hacks 2 | . . 2 Prototype ID Bank 1 | . . 1 Unreport Threat 1 | . . 1 Fabricator Hacks . | . . . Repair Station Hacks . | . . . Recycling Unit Hacks . | . . . Scanalyzer . | . . . Garrison Access Hacks . | . . . Unauthorized Hacks . | . . . Terminals . | . . . Fabricators . | . . . Repair Stations . | . . . Recycling Units . | . . . Scanalyzers . | . . . Garrison Access . | . . . Data Cores Recovered . | . . . Used . | . . . Hacking Detections 3 | . 2 1 Full Trace Events 3 | . 2 1 Feedback Events . | . . . Feedback Blocked . | . . . Robot Schematics Acquired . | . . . Robots Built . | . . . Authchips . | . . . Time . | . . . Total Robot Build Rating . | . . . Part Schematics Acquired . | . . . Parts Built . | . . . Authchips . | . . . Time . | . . . Total Part Build Rating . | . . . Parts Repaired . | . . . Time . | . . . Parts Recycled . | . . . Recycled Matter . | . . . Retrieved Matter . | . . . Retrieved Components . | . . . Parts Scanalyzed . | . . . Part Schematics Acquired . | . . . Parts Damaged . | . . . Bothacking | -11 -10 -9 ------------ Run | Yrd Mat Mat Used RIF Installer . | . . . Robots Hacked . | . . . Non-combat . | . . . Combat . | . . . Robot Hacks Applied . | . . . Relay Couplers Released . | . . . Fabnet Peak Effective % . | . . . Robots Rewired . | . . . Allies Hacked . | . . . Hacks Repelled . | . . . Allies | -11 -10 -9 -------- Run | Yrd Mat Mat Total Allies . | . . . Largest Group . | . . . Highest-Rated Group . | . . . Highest-Rated Ally . | . . . Total Orders . | . . . Ally Attacks . | . . . Total Damage . | . . . Kills . | . . . Allies Corrupted . | . . . Allies Melted . | . . . Intel | -11 -10 -9 ------- Run | Yrd Mat Mat Robot Analysis Total . | . . . Derelict Logs Recovered . | . . . Drone Launches . | . . . Drone Recoveries . | . . . Exploration | -11 -10 -9 ------------- Run | Yrd Mat Mat Turns Passed 953 | 91 382 480 Spaces Moved 448 | 46 258 144 Core 12 | 4 . 8 Treads . | . . . Legs 436 | 42 258 136 Wheels . | . . . Hover . | . . . Flight . | . . . Fastest Speed 50 | 50 120 120 Average Speed 146 | 117 120 203 Slowest Speed 550 | 150 120 550 Overloaded Moves . | . . . Propulsion Burnouts . | . . . Robots Hopped . | . . . Cave-ins Triggered . | . . . Exploration Rate (%) 21 | 5 39 19 Regions Visited 2 Branch Regions . Pre-discovered Areas . | . . . Known Exits Taken 1 | . 1 . Unknown Exits Taken 1 | 1 . . Scrap Searched . | . . . Spaces Dug . | . . . Terrain Destroyed 63 | . . 63 Melee . | . . . Projectile . | . . . AOE 63 | . . 63 Terrain Rammed . | . . . Walls Destroyed . | . . . Machines Disabled . | . . . Actions | -11 -10 -9 --------- Run | Yrd Mat Mat Total 584 | 63 288 233 Wait 6 | 1 . 5 Move 446 | 45 257 144 Hop . | . . . Pick Up 12 | 2 5 5 Fast Attach 10 | 7 . 3 Attach 9 | . . 9 Detach . | . . . Swap 8 | . 3 5 Drop 3 | . 1 2 Fire 86 | 8 21 57 Melee . | . . . Ram 1 | . . 1 Kick 3 | . 1 2 Crush . | . . . Escape Stasis . | . . . Rewire . | . . . Trap . | . . . Miscellaneous . | . . . Route ------- -11/Scrapyard -10/Materials -9/Materials (discovered 2 exits: [*Mat] / *Min) History --------- Turn | Location | Event 42 | -11/Scrapyard | Discovered new exit (range 14) 92 | -11/Scrapyard | Entered Materials 305 | -10/Materials | Build established: Mutant 370 | -10/Materials | Discovered new exit (range 11) 385 | -10/Materials | Identified exit to Materials 474 | -10/Materials | Entered another Materials area 474 | -9/Materials | Evolved 2 slots: Propulsion x1, Utility x1 598 | -9/Materials | Lost 4 parts (2n2w) 614 | -9/Materials | Discovered new exit (range 15) 714 | -9/Materials | Lost 5 parts (1p2n1u1w) 739 | -9/Materials | Identified exit to Mines 834 | -9/Materials | Discovered new exit (range 16) 934 | -9/Materials | Core integrity fell below 50% 944 | -9/Materials | Core integrity fell below 20% 954 | -9/Materials | Destroyed by G-34 Mercenary with Small Laser Last Messages --------------- 00917_ K-01 Serf collects debris. 00924_ Lgt. Cannon severed. 00927_ Ion Engine destroyed. 00927_ Med. Matter Pod destroyed. 00931_ Lgt. Assault Rifle destroyed. 00935_ Destroyed Imp. Ion Engine. 00939_ Mni. Grenade Launcher destroyed. 00942_ U-05 Engineer lays Concrete. 00946_ U-05 Engineer builds a Wall. 00946_ L-31 Rogue destroyed. 00947_ U-05 Engineer lays Concrete. 00949_ R-06 Scavenger collects Katana. 00950_ K-01 Serf destroyed. 00950_ U-05 Engineer lays Concrete. 00951_ Acquired 16 matter. 00951_ U-05 Engineer builds a Wall. 00953_ R-06 Scavenger collects Imp. Aluminum Leg. 00954_ U-05 Engineer builds a Wall. 00954_ Slammed into U-05 Engineer. Map ----- +----------------------------------------------------+ | ?????????????????????????????????????????????????? | | ?????????????????????????????????????????????????? | | ?????????????????????????????????????????????????? | | ?????????????????????????????????????????????????? | | ?????????????????????????????????????????????????? | | ?????????????????????????????????????????????????? | | ?????????????????????????????????????????????????? | | ?????????????????????????????????????????????????? | | ?????????????????????????????????????????????????? | | ?????????????????????????????????????????????????? | | ??????????????????????????????????????? ???????? | | ??????????????????????????????????????# #??????? | | ??????????????????????????????????????# #??????? | | ????????????????##????????????????????# #??????? | | ???????????????# ???????????????????# #??????? | | ???????????????# "????????????????# #??????? | | ???????????????# ""R???????????????# #??????? | | ????????? ????# "" ???????????????# #??????? | | ??????? ???# ???????????????# #??????? | | ??????? ??? ??????????????# #??????? | | ?????? ????? ??????????????# #??????? | | ?????? ?????? ???????####???# #??????? | | ????? ################## ##### #??????? | | ????? # ## ""# ######## | | ????? < u########## T"# # | | ???? !@ | | ???? #### = ######## > | | ???# # ] * #! # "" | | ???# #g % #### """" # | | ??? /g #??## """" # " "!" | | ??? # u #???# """" #""!"!"" | | ??? #### # ###???# " # ###### | | ???? ###### ##?????# | | ???? ##?????# | | ????? #????## | | ????? | | ????? ####### | | ?????? % #?????# | | ?????? ######+##########?????###### ######### | | ??????? ????? ????????????????????## # ????? | | ??????? ????# ?????????????????????## ## ???? | | ????????????#????????????????????????# ##] ??? | | ?????????????????????????????????????# ## ?? | | ????????????????????????????????????# # "? | | ??????????????????????????????????? ! # /= "" | | ?????????????????????????????????? + == "" | | ????????????????????????????????? # = | | ?????????????????????????????????#### !? | | ????????????????????????????????????###+########?? | | ?????????????????????????????????????????????????? | +----------------------------------------------------+ Best States ------------- Heat Dissipation 28 Energy Generation 14 Energy Capacity 250 Matter Stores 300 Matter Capacity 400 Sight Range 16 Terrain Scan Range 16 Terrain Scan Density 10 Evasion (%) 55 Item Schematics ----------------- None Robot Schematics ------------------ None Fabricated ------------ Nothing Alien Tech Used ----------------- None Achievements -------------- None Challenges ------------ None Game ------ Seed NeutronResetComputer Manual? 0 Play Time 00:18:00 Cumulative 14.9 hours Start 2024.06.25 @ 19:09:48 End 2024.06.25 @ 19:25:12 Sessions 1 Manual Loads 0 Difficulty Rogue Special Mode None Game No. 23 Rogue 22 Adventurer 1 Explorer 0 Win Type - Total 0 Types 0/0/0/0/0/0/0/0/0 Lore% 7 Gallery% 19 Achievement% 14 Wizard Run 0 Options --------- Layout 1 ASCII 0 Keyboard 1 Movement Numpad Keybinds 0 Fullscreen 1 Font 24/Smallcaps Map View 50x40 Zoom Use 0% Tactical HUD 1 Map Filters NONE Filters NONE Steam 1 RUN: 5c766dbf-e640-4c4f-aa69-fd5613ac6ced